 Seeded DCSS version 0.29-a0-1019-g84f7d21838 (webtiles) character file.

Game seed: 20220810 (custom seed)

11 flotson the Sneak (level 2, 0/24 HPs)
             Began as a Demonspawn Delver on Aug 10, 2022.
             Slain by an adder (1 damage)
             ... in a sewer.
             The game lasted 00:00:38 (212 turns).

flotson the Sneak (Demonspawn Delver)                Turns: 212, Time: 00:00:40

Health: 0/24       AC:  3    Str: 12    XL:     2   Next: 13%
Magic:  2/2        EV: 12    Int: 11    God:
Gold:   41         SH:  0    Dex: 14    Spells: 1/1 levels left

rFire   . . .      SeeInvis .   a - +0 hand axe
rCold   . . .      Faith    .   (no shield)
rNeg    . . .      Spirit   .   b - +0 leather armour
rPois   .          Reflect  .   (no helmet)
rElec   .          Harm     .   (no cloak)
rCorr   .          Rampage  .   (no gloves)
Will    .....                   (no boots)
Stlth   +++.......              (no amulet)
HPRegen 0.08/turn               (no ring)
MPRegen 0.08/turn               (no ring)

@: lethally poisoned (0 -> -4)
A: powered by pain 1
a: no special abilities


You were in a sewer.
You visited 1 branch of the dungeon, and saw 1 of its levels.
You also visited: Sewer.

You collected 41 gold pieces.

Inventory:

Hand Weapons
 a - a +0 hand axe (weapon)
Armour
 b - a +0 leather armour (worn)
Wands
 g - a wand of digging (3)
Scrolls
 c - a scroll of fog
 d - a scroll of magic mapping
 e - 2 scrolls of fear


   Skills:
 + Level 3.1 Fighting
 + Level 2.0 Axes
 + Level 2.0 Dodging
 + Level 4.6 Stealth


You had one spell level left.
You didn't know any spells.
Your spell library was empty.

Dungeon Overview and Level Annotations

Branches:
Dungeon (5/15)              Sewer (1/1)
 Temple: D:4-7

Altars:


Innate Abilities, Weirdness & Mutations

You sometimes gain a little power by taking damage.


Message History

You barely miss the adder. The adder bites you.
You are poisoned.
The adder poisons you!
You completely miss the adder.
You feel sick. The adder barely misses you.
You hit the adder.
The adder is heavily wounded.
You hit the adder.
The adder is almost dead.
You feel yourself slow down.
You feel sick. The adder barely misses you.
You barely miss the adder.
The adder is almost dead.
You feel sick. The adder bites you.
A jackal comes into view.
The adder closely misses you.
You completely miss the adder.
The adder is almost dead.
You feel sick. The adder barely misses you.
A river rat comes into view.
You miss the adder.
The adder is almost dead.
You feel sick.
You are no longer poisoned.
The jackal barks!
You hear an angry hiss.
The adder bites you.
* * * LOW HITPOINT WARNING * * *
You are lethally poisoned!
The adder poisons you! The adder bites you.
* * * LOW HITPOINT WARNING * * *
You miss the adder.
The adder is almost dead.
* * * LOW HITPOINT WARNING * * *
You feel sick. The adder barely misses you.
You hit the adder but do no damage.
The adder is almost dead.
* * * LOW HITPOINT WARNING * * *
You feel sick.
An adder comes into view.
The adder bites you.
You die...

#.....∩∩....#
###.........#
#######...#
~~~~~~~...#
#######.†.#
###~.†.~#
#...~.~##
####.~~...#
#.h.~@..~##
#.~~~#S#...~#
.~S~
#~#.~.~P# ~P~
#~#....P#
#~#.rPPP#
#~#~P.P.#
######.## .#


You could see 2 adders, a river rat and a jackal.

Vanquished Creatures
  An adder (D:5)
  A ball python (Sewer)
  A frilled lizard (Sewer)
3 creatures vanquished.

Vanquished Creatures (others)
  4 plants (Sewer)
4 creatures vanquished.

Grand Total: 7 creatures vanquished

Notes
Turn   | Place    | Note
-------+----------+-------------------------------------------
     0 | D:5      | flotson the Demonspawn Delver began the quest for the Orb.
     0 | D:5      | Reached XP level 1. HP: 18/18 MP: 1/1
   173 | D:5      | Gained mutation: You sometimes gain a little power by
                  | taking damage. [demonic ancestry]
   173 | D:5      | Reached XP level 2. HP: 20/24 MP: 2/2
   174 | D:5      | Found a glowing drain.
   183 | Sewer    | Entered a sewer
   212 | Sewer    | HP: 1/24 [poisoned by an adder]
   212 | Sewer    | Slain by an adder

Illustrated notes

Levels and vault maps discovered:
D:5:      layout_loops_corners, hellmonk_ghost_happy_afterlife,
          portal_sewer_entry_d, st_stairs_2, lexackson_kobold_supper, uniq_ijyb,
          uniq_grinder
Sewer:    sewer_co_scattered_pipes

Skill      XL: |  1 |
---------------+----+-----
Axes           | 2 |  2.0
Dodging        | 2 |  2.0
Fighting       | |  3.1
Stealth        | |  4.6

Action                   || total
-------------------------++-------
Melee: Hand axe          ||    29
  Use: Potion            ||     1
Armor: Leather armour    ||    10
Dodge: Dodged            ||    11

Table legend: (Time is in decaauts)
 A = Elapsed time spent in this place.
 B = Non-inter-level travel time spent in this place.
 C = Inter-level travel time spent in this place.
 D = Time resting spent in this place.
 E = Time spent auto-exploring this place.
 F = Levels seen in this place.
 G = Mean time per level.
                   A        B        C        D        E       F      G
               +--------+--------+--------+--------+--------+-----+--------+
         Total |    204 |    204 |      0 |      0 |    149 |   2 |  102.0 |
       Dungeon |    180 |    180 |      0 |      0 |    149 |   1 |  180.0 |
         Sewer |     24 |     24 |      0 |      0 |      0 |   1 |   24.0 |
               +--------+--------+--------+--------+--------+-----+--------+

Top non-repeatable levels by time:
     D:5: 180 daAuts
   Sewer: 24 daAuts
